 Dungeon Crawl Stone Soup version 0.26-a0-690-gcb57259078 (webtiles) character file.

Game seed: 5755543777218327802

516 snetch the Chopper (level 7, -1/60 HPs)
             Began as a Hill Orc Monk on Oct 23, 2020.
             Was a Believer of Beogh.
             Killed from afar by an orc wizard (7 damage)
             ... with a magic dart
             ... on level 4 of the Dungeon.
             The game lasted 00:12:50 (4619 turns).

snetch the Chopper (Hill Orc Monk)                  Turns: 4619, Time: 00:12:51

Health: -1/60      AC: 12    Str: 16    XL:     7   Next: 20%
Magic:  4/7        EV:  8    Int: 10    God:    Beogh [**....]
Gold:   193        SH:  0    Dex: 13    Spells: 6/6 levels left

rFire    . . .     SeeInvis .   a - +0 hand axe
rCold    . . .     Faith    .   (no shield)
rNeg     . . .     Spirit   .   q - +0 chain mail
rPois    .         Reflect  .   (no helmet)
rElec    .         Harm     .   (no cloak)
rCorr    +         Rampage  .   u - +2 pair of gloves
MR       .....                  (no boots)
Stlth    ..........             (no amulet)
HPRegen  0.20/turn              r - ring of resist corrosion
MPRegen  0.10/turn              (no ring)

@: no status effects
A: no striking features
a: Smiting, Renounce Religion


You were on level 4 of the Dungeon.
You worshipped Beogh.
Beogh was pleased with you.
You visited 1 branch of the dungeon, and saw 5 of its levels.

You collected 193 gold pieces.

Inventory:

Hand Weapons
 a - a +0 hand axe (weapon)
 b - a +0 flail
 c - a +0 trident
Missiles
 d - 4 atropa-tipped darts
 f - 127 stones
 i - 34 poisoned darts (quivered)
 k - 41 bolts
 t - 5 boomerangs
Armour
 q - a +0 chain mail (worn)
 u - a +2 pair of gloves (worn)
Jewellery
 r - a ring of resist corrosion (left hand)
Wands
 v - a wand of polymorph (12)
Scrolls
 e - 6 scrolls of identify {unknown}
 g - 2 scrolls of remove curse {unknown}
 h - 2 scrolls of blinking {unknown}
 j - a scroll of magic mapping {unknown}
 l - 2 scrolls of immolation {unknown}
 m - 2 scrolls of fear {unknown}
 n - a scroll of amnesia {unknown}
 o - a scroll of enchant armour {unknown}
Potions
 p - a potion of heal wounds
 s - 2 potions of haste
 w - a potion of lignification {unknown}
 x - a potion of degeneration {unknown}
 z - a potion of flight {unknown}


   Skills:
 + Level 4.7 Fighting
 * Level 7.2 Axes
 + Level 4.3 Armour
 + Level 3.2 Dodging
 + Level 1.8 Stealth
 + Level 0.4 Invocations


You had 6 spell levels left.
You didn't know any spells.
Your spell library was empty.

Dungeon Overview and Level Annotations

Branches:
Dungeon (5/15)
 Temple: D:4-7

Altars:
Cheibriados
Gozag
Kikubaaqudgha
Ru
Uskayaw
Xom

Annotations:
D:4 dancing weapons behind rock glass


Message History

You hit the orc wizard. The orc wizard barely misses you.
The orc priest hits you but does no damage.
Unknown command.
You fail to use your ability.
The orc wizard barely misses you. The orc priest closely misses you.
The orc wizard closely misses you.
Press: ? - help, Dir - move target cursor, f - orc priest Smite: an orc priest, wielding a +0 hand axe (severely wounded)
You smite the orc priest!
You kill the orc priest!
Beogh accepts your kill.
Beogh appreciates your killing of a heretic priest.
The orc wizard casts a spell at you. The magic dart hits you.
* * * LOW HITPOINT WARNING * * *
Your chain mail prevents you from hitting the orc wizard.
The orc wizard is almost dead.
The orc wizard points at you and mumbles some strange words.
The magic dart hits you!
You die...
Beogh appreciates the orc wizard's killing of a heretic priest.

### ### #.# #.# #.## #.#
###########..# #.# #............#
#.# ##.#########..#########.#
#..# #.)).........####### #..#
#...o...............
#..#########..@)...............
#...............[.....########.
#.........##...##....[.#######.
#.).#.######...##......#.....#.
#...#.# #...##......#.....#.
#...#.# #...##......#.....#.
###...#.######...#.......#.....#.
...............................#.
###..............#...#####.....#.


You could see an orc wizard (fast).

Vanquished Creatures
  A scorpion (D:4)
  A howler monkey (D:4)
  A hound (D:4)
  A bullfrog skeleton (D:4)
  2 orc wizards
  3 orc priests
  A worker ant zombie (D:4)
  7 adders
  An ufetubus (D:5)
  An ooze (D:2)
  3 worms
  3 dart slugs
  6 leopard geckos
  14 orcs
  4 giant cockroaches
  9 goblins
  8 hobgoblins
  11 kobolds
  2 quokkas (D:2)
  2 ball pythons
  7 bats
  3 frilled lizards
  A quokka skeleton (D:4)
  5 rats
97 creatures vanquished.

Vanquished Creatures (others)
  An orc wizard (D:4)
  3 orcs (D:4)
  3 withered plants (D:3)
7 creatures vanquished.

Grand Total: 104 creatures vanquished

Notes
Turn   | Place    | Note
-------+----------+-------------------------------------------
     0 | D:1      | snetch the Hill Orc Monk began the quest for the Orb.
     0 | D:1      | Reached XP level 1. HP: 19/19 MP: 1/1
   274 | D:1      | Reached XP level 2. HP: 27/27 MP: 2/2
   521 | D:3      | Reached XP level 3. HP: 31/33 MP: 3/3
  1187 | D:2      | Found a snail-covered altar of Cheibriados.
  1406 | D:2      | Found a shimmering altar of Xom.
  1569 | D:2      | Reached skill level 5 in Axes
  1569 | D:2      | Reached skill level 1 in Armour
  1703 | D:2      | Reached XP level 4. HP: 38/40 MP: 4/4
  1884 | D:4      | Became a worshipper of Beogh the Brigand
  1884 | D:4      | Reached * piety under Beogh
  1884 | D:4      | Reached ** piety under Beogh
  2283 | D:4      | Found a hide-covered altar of Uskayaw.
  2283 | D:4      | Noticed a +0 dagger
  2283 | D:4      | Noticed a +0 hand axe
  2302 | D:3      | Found an ancient bone altar of Kikubaaqudgha.
  2305 | D:3      | Reached XP level 5. HP: 40/46 MP: 5/5
  2509 | D:3      | Found a sacrificial altar of Ru.
  2521 | D:3      | Reached skill level 6 in Axes
  2798 | D:3      | Reached XP level 6. HP: 52/53 MP: 6/6
  3269 | D:5      | Entered Level 5 of the Dungeon
  3324 | D:4      | Found an opulent altar of Gozag.
  3748 | D:4      | Reached skill level 7 in Axes
  3867 | D:4      | Reached XP level 7. HP: 49/60 MP: 7/7
  4619 | D:4      | Killed from afar by an orc wizard

Illustrated notes

Levels and vault maps discovered:
D:1:      evilmike_arrival_home_sweet_home, layout_basic
D:2:      cheibrodos_old_hovel, layout_basic, kennysheep_slug_shrine,
          lemuel_doored_altar
D:3:      layout_loops_ring, nicolae_ru_great_annihilating_truth,
          kiku_gazebo_garden_becter
D:4:      layout_basic, dancing_weapons_uskayaw, nicolae_gozag_seed_capital
D:5:      layout_rooms, lemuel_coloured_pillars_altar, kennysheep_nondescript,
          uniq_ijyb

Skill      XL: |  1  2  3  4  5  6  7 |
---------------+----------------------+-----
Axes           | 5 6 7 |  7.2
Armour         | 1 2 3 4 |  4.3
Dodging        | 3 |  3.2
Fighting       | 4 |  4.7
Stealth        | |  1.8
Invocations    | |  0.4

Action                   |  1- 3 |  4- 6 |  7- 9 || total
-------------------------+-------+-------+-------++-------
Melee: Hand axe          |   120 |   255 |    31 ||   406
Throw: Dart              |       |     2 |       ||     2
Invok: Convert to Beogh  |       |     1 |       ||     1
       Smiting           |       |     3 |     1 ||     4
  Use: Potion            |     1 |       |       ||     1
Armor: Ring mail         |    52 |       |       ||    52
       Chain mail        |     6 |   143 |    28 ||   177
Dodge: Dodged            |    67 |    97 |    18 ||   182

Table legend: (Time is in decaauts)
 A = Elapsed time spent in this place.
 B = Non-inter-level travel time spent in this place.
 C = Inter-level travel time spent in this place.
 D = Time resting spent in this place.
 E = Time spent auto-exploring this place.
 F = Levels seen in this place.
 G = Mean time per level.
                   A        B        C        D        E       F      G
               +--------+--------+--------+--------+--------+-----+--------+
         Total |   4636 |   4471 |    165 |    265 |   2970 |   5 |  927.2 |
       Dungeon |   4636 |   4471 |    165 |    265 |   2970 |   5 |  927.2 |
               +--------+--------+--------+--------+--------+-----+--------+

Top non-repeatable levels by time:
     D:4: 1539 daAuts
     D:3: 1270 daAuts
     D:1: 909 daAuts
     D:2: 863 daAuts
     D:5: 54 daAuts
